Map: 2000 Atmospheres LE

Players

LiquidClem (Clem) - Winner!

  • Race: Terran Terran

Solar

  • Race: Zerg Zerg

Event: ASUS ROG Fall 2021

VOD

Have the link to the VOD?

Description

Time

  • Played on: Sept. 17, 2021, 3:07 p.m.
  • Length: 7:56

All games in this series

Show
View Real Time Build Order
Export as new Build Order

LiquidClem Terran - Winner!

Build Orders: Reaper Expand, Hellion Banshee 

Get SALT Encoding   

  12  0:00  SCV  
  13  0:12  SCV  
  14  0:17  Supply Depot  
  14  0:24  SCV  
  15  0:39  SCV  
  15  0:40  Barracks  
  16  0:45  Refinery  
  16  0:51  SCV  
  17  1:03  SCV  
  18  1:15  SCV  
  19  1:28  Reaper, Orbital Command  
  20  1:39  Command Center  
  20  1:50  Supply Depot  
  20  1:53  SCV  
  21  1:59  Marine  
  22  2:05  SCV  
  23  2:12  Factory  
  23  2:17  SCV  
  23  2:22  Barracks Reactor  
  25  2:30  SCV  
  25  2:38  Command Center  
  25  2:42  SCV  
  26  2:51  Orbital Command  
  26  2:54  SCV  
  27  2:59  Starport  
  27  3:05  Refinery  
  27  3:06  SCV  
  27  3:09  Hellion  
  30  3:14  Hellion  
  30  3:16  Barracks Tech Lab  
  30  3:19  SCV  
  33  3:21  SCV  
  34  3:30  Hellion  
  34  3:31  SCV  
  34  3:33  SCV  
  38  3:36  Hellion  
  40  3:42  Banshee  
  40  3:43  SCV  
  40  3:46  SCV  
  45  3:51  Orbital Command  
  45  3:54  Hellion  
  45  3:55  SCV  
  48  3:58  SCV  
  48  3:59  Hellion  
  51  4:06  Cloaking Field  
  51  4:09  Supply Depot  
  51  4:11  Supply Depot, SCV  
  51  4:12  SCV  
  51  4:15  Hellion  
  55  4:17  Barracks Tech Lab  
  55  4:21  SCV  
  57  4:24  SCV  
  57  4:26  Hellion  
  57  4:31  SCV  
  60  4:32  Banshee  
  60  4:33  SCV  
  60  4:36  Hellion  
  60  4:37  Supply Depot  
  60  4:38  Stimpack  
  66  4:41  SCV  
  67  4:46  Marine  
  67  4:49  Barracks  
  67  4:50  SCV  
  69  4:52  Barracks  
  69  4:56  Orbital Command  
  69  4:58  Supply Depot  
  69  5:00  SCV, Supply Depot  
  69  5:03  SCV  
  69  5:04  Marine, Refinery  
  69  5:06  Engineering Bay  
  72  5:07  Engineering Bay  
  72  5:11  Refinery  
  72  5:12  SCV  
  73  5:19  SCV  
  74  5:21  Marine  
  74  5:24  SCV x2  
  74  5:25  Factory Reactor  
  77  5:31  SCV  
  77  5:34  Terran Infantry Armor Level 1, Barracks, Terran Infantry Weapons Level 1  
  77  5:35  Barracks  
  78  5:36  SCV  
  78  5:38  Starport Reactor  
  78  5:39  Marine  
  80  5:44  SCV x2  
  80  5:49  SCV  
  83  5:50  Marine, Supply Depot  
  83  5:52  Barracks Reactor  
  83  5:56  SCV  
  83  5:57  Marine x2, SCV  
  86  6:02  Widow Mine  
  92  6:04  Supply Depot, Widow Mine  
  92  6:06  SCV  
  92  6:09  Supply Depot  
  92  6:11  Marine  
  93  6:13  SCV  
  93  6:15  Marine, Medivac x2  
  93  6:17  Marine  
  101  6:21  SCV  
  101  6:22  SCV  
  101  6:25  SCV  
  98  6:27  Barracks Reactor x2  
  98  6:28  Marine, Widow Mine x2  
  98  6:29  Marine  
  98  6:31  Supply Depot  
  100  6:34  Marine x2, SCV  
  100  6:38  SCV, Barracks  
  100  6:39  Barracks  
  104  6:40  SCV, Barracks  
  104  6:43  Marine  
  104  6:46  SCV  
  107  6:51  Marine, SCV, Medivac x2  
  107  6:52  SCV  
  114  6:58  SCV, Supply Depot x2  
  114  6:59  Supply Depot  
  115  7:03  Armory  
  115  7:05  Marine, SCV  
  115  7:06  Marine  
  115  7:07  Marine  
  120  7:08  SCV  
  120  7:10  SCV  
  120  7:13  Marine  
  119  7:17  Marine, SCV  
  119  7:22  Marine  
  120  7:24  Marine x2  
  120  7:26  SCV  
  120  7:27  Barracks Reactor x2  
  120  7:28  Barracks Reactor  
  120  7:29  Marine  
  114  7:31  Marine x2  
  114  7:32  Widow Mine x2  
  119  7:39  Refinery  
  119  7:43  Command Center  
  119  7:44  Supply Depot  
Show
View Real Time Build Order
Export as new Build Order

Solar Zerg 

Build Orders: Hatch First 

Get SALT Encoding   

  12  0:00  Drone  
  13  0:12  Overlord  
  13  0:16  Drone  
  14  0:31  Drone x2  
  16  0:47  Hatchery  
  15  0:51  Drone  
  15  0:54  Drone  
  17  0:57  Drone  
  18  1:07  Extractor  
  17  1:13  Spawning Pool  
  17  1:16  Drone  
  17  1:19  Drone  
  18  1:28  Drone  
  19  1:39  Drone  
  20  1:51  Drone  
  21  1:59  Queen x2  
  21  2:00  Zergling x4  
  27  2:11  Overlord  
  27  2:12  Drone  
  28  2:20  Hatchery  
  27  2:23  Drone  
  28  2:30  Drone  
  28  2:37  Queen  
  28  2:40  Drone  
  31  2:47  Metabolic Boost  
  31  2:48  Overlord  
  31  2:52  Drone x2  
  31  2:54  Drone  
  31  2:57  Drone  
  35  3:08  Drone x5  
  40  3:13  Queen  
  40  3:17  Overlord  
  42  3:22  Drone  
  43  3:31  Queen  
  43  3:32  Queen  
  43  3:33  Drone  
  48  3:35  Overlord  
  48  3:38  Zergling x2  
  48  3:41  Drone  
  50  3:46  Zergling x2  
  51  3:48  Drone x3  
  51  3:49  Drone x3  
  57  4:02  Zergling x4  
  57  4:11  Drone x2, Overlord  
  57  4:12  Drone x2  
  57  4:15  Lair  
  57  4:16  Drone x2  
  63  4:18  Queen  
  63  4:21  Spore Crawler  
  64  4:25  Zergling x2  
  64  4:28  Overlord  
  64  4:31  Drone x3  
  68  4:32  Baneling Nest  
  68  4:35  Drone  
  68  4:38  Spore Crawler  
  68  4:39  Extractor, Drone x2  
  68  4:40  Extractor  
  68  4:41  Overlord  
  68  4:43  Drone x2  
  68  4:45  Drone  
  70  4:46  Spore Crawler  
  70  4:50  Drone x3  
  70  4:51  Drone x2  
  74  4:58  Overlord  
  74  5:00  Zergling x4  
  74  5:02  Drone x3  
  78  5:14  Evolution Chamber  
  78  5:15  Drone x3, Evolution Chamber  
  79  5:21  Overlord  
  79  5:22  Drone  
  79  5:23  Overseer  
  79  5:24  Drone x4  
  79  5:27  Extractor  
  83  5:28  Extractor  
  83  5:29  Centrifical Hooks  
  83  5:30  Drone x3  
  83  5:34  Zergling x6  
  87  5:42  Overlord  
  87  5:43  Drone x2  
  87  5:46  Zerg Ground Armor Level 1  
  87  5:47  Drone  
  87  5:49  Hatchery  
  89  5:51  Drone  
  89  5:52  Drone x2  
  89  5:53  Overlord  
  89  5:55  Zergling x2  
  91  6:00  Overlord  
  91  6:03  Queen  
  91  6:06  Zergling x10  
  95  6:12  Zergling x8  
  95  6:14  Drone  
  95  6:17  Drone  
  94  6:22  Zergling x8  
  89  6:26  Drone  
  89  6:27  Drone  
  89  6:34  Drone  
  89  6:35  Drone  
  89  6:38  Drone x2  
  89  6:39  Drone x2  
  95  6:41  Drone x2  
  95  6:42  Drone  
  97  6:48  Baneling x8  
  97  6:49  Baneling  
  97  6:51  Zergling x10  
  97  6:52  Zergling x2  
  103  6:58  Overlord  
  103  6:59  Zergling x2  
  104  7:02  Overlord  
  104  7:05  Queen  
  107  7:08  Zergling x4, Queen  
  107  7:13  Baneling x2  
  107  7:14  Drone x4  
  112  7:21  Zergling x10  
  116  7:22  Zergling x2  
  116  7:26  Zergling x6  
  111  7:32  Zergling x6  
  111  7:36  Zergling x6  
  110  7:39  Baneling  
Tags
 
Add a new tag
Caveats
  • Supply blocks, unpowered buildings, or Contaminate may cause inaccurate times.
  • Supply counts are checked every 10 seconds.